 Dungeon Crawl Stone Soup version 0.19.0-19-g8c6edcc (webtiles) character file.

182 Goodini51 the Shooter (level 5, -3/32 HPs)
             Began as a Tengu Wanderer on Nov 14, 2016.
             Killed from afar by an orc wizard (11 damage)
             ... with a magic dart
             ... on level 3 of the Dungeon on Nov 15, 2016.
             The game lasted 00:10:33 (1894 turns).

Goodini51 the Shooter (Tengu Wanderer)              Turns: 1894, Time: 00:10:34

Health: -3/32      AC:  2    Str: 11    XL:     5   Next: 61%
Magic:  15/15      EV: 11    Int: 11    God:
Gold:   163        SH:  0    Dex: 17    Spells: 0 memorised, 4 levels left

rFire  . . .     SeeInvis .     a - +2 shortbow
rCold  . . .     Gourm    .     e - +0 robe
rNeg   . . .     Faith    .     (shield currently unavailable)
rPois  .         Spirit   .     (helmet restricted)
rElec  .         Reflect  .     (no cloak)
rCorr  .         Harm     .     (no gloves)
MR     .....                    (boots unavailable)
Stlth  ++........               (no amulet)
                                (no ring)
                                p - ring of magical power

@: about to teleport
A: beak, talons 3, able to fly 1
a: Fly


You were on level 3 of the Dungeon.
You were not hungry.

You visited 1 branch of the dungeon, and saw 3 of its levels.

You collected 163 gold pieces.

Inventory:

Hand Weapons
 a - a +2 shortbow (weapon)
 q - a +0 short sword of speed
Missiles
 b - 65 arrows (quivered)
Armour
 e - a +0 robe (worn)
 s - a +0 buckler
Jewellery
 p - a ring of magical power (left hand)
Scrolls
 d - a scroll of teleportation
 g - a scroll of enchant weapon {unknown}
 j - 2 scrolls of enchant armour {unknown}
 l - a scroll of identify {unknown}
 m - a scroll of amnesia {unknown}
 n - 2 scrolls of fog {unknown}
 r - a scroll of remove curse {unknown}
Potions
 c - 3 potions of curing
 h - a potion of cure mutation {unknown}
 i - a potion of heal wounds {unknown}
Comestibles
 f - 2 bread rations
 k - a meat ration
 o - 2 beef jerkies


   Skills:
 + Level 3.5 Fighting
 * Level 6.3 Bows
   Level 1.1 Crossbows
 + Level 1.1 Armour
 + Level 0.2 Dodging
 + Level 0.2 Stealth
 + Level 1.0 Shields
   Level 1.0 Evocations


You had 4 spell levels left.
You didn't know any spells.

Dungeon Overview and Level Annotations

Branches:
Dungeon (3/15)

Altars:
Kikubaaqudgha
Yredelemnul


Innate Abilities, Weirdness & Mutations

You have a beak for a mouth.
You have claws for feet.
You can fly.


Message History

The arrow closely misses the orc wizard.
The orc throws a tomahawk of returning.
The tomahawk of returning misses you.
The weapon returns to the orc!
Firing (i - inventory):
b - 66 arrows (quivered)
Press: ? - help, Shift-Dir - straight line, f/p - orc wizard
Aim: an orc wizard, wielding a dagger and wearing a robe (fast)
You shoot an arrow. The arrow barely misses the orc wizard.
The orc throws a tomahawk of returning.
The tomahawk of returning hits you.
The orc wizard gestures at you while chanting.
The magic dart hits you!
* * * LOW HITPOINT WARNING * * *
As you read the scroll of teleportation, it crumbles to dust.
You feel strangely unstable.
The orc wizard hits you but does no damage.
The orc throws a tomahawk of returning.
The tomahawk of returning barely misses you.
The weapon returns to the orc!
The orc wizard points at you and mumbles some strange words.
The magic dart hits you!
You die...

#######.####.#
#(......#
#.......#
#.......#
#.......#
#.......#
#.....o.# #
#......(##.#
####.###@o.#
...# #(###
##### #.# #.#
#.# #.# #.#
#.#


You could see an orc wizard and an orc.

Vanquished Creatures
  A hound (D:3)
  3 gnolls (D:3)
  5 adders
  An ooze (D:2)
  3 worms
  4 leopard geckos
  6 orcs (D:3)
  8 bats
  2 giant cockroaches
  6 goblins
  5 hobgoblins
  2 ball pythons
  6 frilled lizards
  6 kobolds
  7 rats
65 creatures vanquished.

Notes
Turn   | Place    | Note
-------+----------+-------------------------------------------
     0 | D:1      | Goodini51 the Tengu Wanderer began the quest for the Orb.
     0 | D:1      | Goodini51 set off with: a +2 shortbow, 28 arrows, a potion of curing, a scroll of teleportation, a +0 robe, a bread ration
     0 | D:1      | Reached XP level 1. HP: 14/14 MP: 2/2
    95 | D:1      | Reached XP level 2. HP: 17/19 MP: 3/3
   224 | D:1      | Reached skill level 4 in Bows
   544 | D:1      | Reached XP level 3. HP: 20/23 MP: 4/4
   810 | D:2      | Found an ancient bone altar of Kikubaaqudgha.
  1115 | D:2      | Reached XP level 4. HP: 25/28 MP: 5/5
  1250 | D:2      | Reached skill level 5 in Bows
  1490 | D:2      | Found a basalt altar of Yredelemnul.
  1683 | D:3      | Gained mutation: You can fly. [Tengu growth]
  1683 | D:3      | Reached XP level 5. HP: 26/32 MP: 6/6
  1808 | D:3      | Reached skill level 6 in Bows
  1894 | D:3      | Killed from afar by an orc wizard

Skill      XL: |  1  2  3  4  5 |
---------------+----------------+-----
Bows           | 4 5 6 |  6.3
Fighting       | |  3.5
Crossbows      | |  1.1
Armour         | |  1.1
Dodging        | |  0.2
Stealth        | |  0.2
Shields        | |  1.0
Evocations     | |  1.0

Action                   |  1- 3 |  4- 6 || total
-------------------------+-------+-------++-------
 Fire: Shortbow          |    89 |    92 ||   181
  Use: Scroll            |       |     1 ||     1
  Eat: Chunk             |       |     3 ||     3
Armor: Robe              |     3 |     7 ||    10
Dodge: Dodged            |    14 |    17 ||    31
